← All builds
Front / Armada / Economy first / OBSERVED BUILD

Standard front

Standard economy-first Front play: Bot Lab and Vehicle Plant almost immediately, Advanced Metal Extractor around 9 minutes, with a mixed T1 army of Blitz, Rocketeer, Pawn and Janus sent to hold the wider gap and then middle.

#eco · 935 distinct matches · 127 players · 75% of Armada Front games · team won 63% of 1063 · Recently observed

HOW TO PLAY IT

Key timing: Vehicle Plant by 0:47

  1. Open 3 mex then Bot Lab and Vehicle Plant almost together.
  2. Layer wind while both labs start producing.
  3. Send early units to coast first to stop leaks, not middle.
  4. Add Construction Turrets as "Blitz", "Rocketeer", "Janus" mix builds up.
  5. Transition into Advanced Metal Extractor once T2 con is out.

Phase by phase

TYPICAL OF ITS 935 GAMES
  1. 1
  2. 2
  3. 3
PLAY THE OPENING

Follow the example game's first 6:00 step by step: what to build now, what comes next, and where it goes. At 1× it keeps pace with your own game.

  1. 1

    Up to the Bot Lab

    Economy
    • Metal Extractor2Mex
    • Wind Turbine1Wind
    Order
    1. Bot LabBot Lab after 3 mex, 1 winddone ~0:45, middle half 0:35–8:30

    Some games also: Vehicle Plant (41%)

    By 0:28 in all: 2 mex · 1 wind

    The example game in this phase · 3 steps
    1. Mex ×2
    2. Vehicle PlantVehicle Plantdone 0:47 · typical 0:47
    3. Wind
  2. 2

    Bot Lab to 5:00

    Economy
    • Metal Extractor4Mex
    • Wind Turbine3Wind
    Army
    • Sentry1 Sentry

    Some games also: rocketeer (46%) · con bot (45%) · Lazarus (44%) · tick (40%) · centurion (37%)

    By 5:00 in all: 6 mex · 7 wind

    The example game in this phase · 20 steps
    1. Wind
    2. RoverScout ×3
    3. Mex
    4. RoverScout ×4
    5. Construction VehicleCon vehicle ×2
    6. JanusJanus
    7. Mex
    8. JanusJanus
    9. Construction VehicleCon vehicle
    10. SentrySentry
    11. Mex
    12. BlitzBlitz
    13. Mex
    14. BlitzBlitz ×2
    15. SentrySentry
    16. BlitzBlitz
    17. JanusJanus ×3
    18. Wind ×3
    19. BeamerBeamer
    20. Wind
  3. 3

    5:00 to 10:00

    Economy
    • Metal Extractor1Mex
    • Wind Turbine14Wind
    Builders
    • Construction Turret2 Con turret
    Army
    • Sentry1 Sentry

    Some games also: energy storage (46%) · blitz (39%) · rocketeer (39%) · pawn (36%) · Lazarus (35%)

    By 10:00 in all: 7 mex · 25 wind · 1 energy storage · 3 con turret

    The example game in this phase · 102 steps
    1. JanusJanus
    2. Wind
    3. Con turret
    4. BlitzBlitz
    5. Wind
    6. BlitzBlitz ×2
    7. Wind
    8. Energy storage
    9. Con turret
    10. BlitzBlitz
    11. Wind
    12. BlitzBlitz
    13. Wind
    14. BlitzBlitz ×2
    15. Wind
    16. Con turret
    17. Energy storage
    18. BlitzBlitz
    19. Con turret
    20. Wind
    21. BlitzBlitz ×2
    22. Wind
    23. BlitzBlitz
    24. Wind
    25. BlitzBlitz
    26. Wind
    27. Mex
    28. BlitzBlitz
    29. Sneaky PeteSneaky Pete
    30. Wind
    31. Mex
    32. BlitzBlitz
    33. Wind
    34. BlitzBlitz
    35. Wind
    36. BlitzBlitz
    37. Wind
    38. BlitzBlitz ×2
    39. Advanced Metal ExtractorT2 mexdone 9:12 · typical 8:52
    40. BlitzBlitz ×4
    41. Advanced Metal ExtractorT2 mex
    42. BlitzBlitz ×4
    43. Sneaky PeteSneaky Pete
    44. BlitzBlitz
    45. Advanced Metal ExtractorT2 mex
    46. BlitzBlitz ×7
    47. Advanced Metal ExtractorT2 mex
    48. BlitzBlitz ×2
    49. BeamerBeamer
    50. BlitzBlitz ×3
    51. Wind
    52. BlitzBlitz
    53. Wind
    54. BlitzBlitz
    55. Wind
    56. BlitzBlitz
    57. Wind
    58. BlitzBlitz
    59. Wind
    60. BlitzBlitz
    61. Wind
    62. BlitzBlitz
    63. Wind
    64. BlitzBlitz
    65. Wind
    66. BlitzBlitz
    67. Wind
    68. BlitzBlitz
    69. Energy storage
    70. Advanced Metal ExtractorT2 mex
    71. BlitzBlitz ×2
    72. Wind
    73. BlitzBlitz
    74. Wind
    75. BlitzBlitz
    76. Wind
    77. BlitzBlitz
    78. Wind
    79. BlitzBlitz
    80. Wind
    81. BlitzBlitz
    82. Wind
    83. BlitzBlitz ×4
    84. BeamerBeamer
    85. BlitzBlitz
    86. SentrySentry
    87. BlitzBlitz
    88. SentrySentry
    89. BlitzBlitz
    90. Con turret
    91. BlitzBlitz
    92. SentrySentry
    93. BlitzBlitz
    94. Con turret
    95. BlitzBlitz
    96. SentrySentry
    97. BlitzBlitz
    98. Con turret
    99. BlitzBlitz
    100. Pit BullPit Bull
    101. Con turret
    102. BlitzBlitz

Counts are medians over the build's games: half of them build more, half fewer. The example game is EpicTyrannus's (42 OS, 22/09/2026); pick another.

Team trades

IN AT LEAST 30% OF ITS GAMES

You hand over

Nothing regular.

You get

  • Tidal Generator4 Tidal from Pondfirst at 0:18 · in 68% of games
  • Advanced Construction Bot1 T2 con bot from Geo or Techfirst at 7:17 · in 67% of games

How it plays out

Typical game of this build, running totals by minute

Metal produced

010k20k30k
0:005:0010:0015:00

metal

Enemy metal destroyed

05k10k
0:005:0010:0015:00

metal

Own metal lost

05k10k
0:005:0010:0015:00

metal

1063 games.

Show as table
ByMetal produced: This buildEnemy metal destroyed: This buildOwn metal lost: This build
1:0033300
2:008462131
3:001624140105
4:002712540333
5:0038681188813
6:00507620991526
7:00631429842459
8:00766238713365
9:00908746324312
10:001066653085060
11:001260858195701
12:001481563136521
13:001744069817256
14:002018375848093
15:002263083948939
WHAT THE NUMBERS SAY

Standard Front play wins more often than suicide front and produces more metal by 15:00, reflecting its safer positioning.

  • + Metal produced reaches 22219 by 15:00, above suicide front's 19882
  • + Own losses of 8949 stay under enemy metal destroyed's near-equal 8347
  • − First unit lost by 1:44 shows exposure even from the safer side
  • − Wider gap to defend demands disciplined coast-then-mid unit movement
THE EXAMPLE YOU ARE READING

EpicTyrannus

42.5 OS · 22/09/2026

Open source match ↗

8 received units · includes a constructor
456 metal received · 62254 energy received

Allied construction assistance is unknown. Timings are observations, not a promise of solo reproducibility.

Typical milestones

Bot Lab0:45Middle 50%: 0:35–8:30 · n=670
Vehicle Plant0:47Middle 50%: 0:37–0:59 · n=753
Advanced Metal Extractor8:52Middle 50%: 8:00–10:03 · n=845

Played most by

Hummell91games of this buildhaaven82games of this buildLeohvm79games of this buildXad62games of this buildImmort36games of this build